Reakly vs Oziligath

Match 19575799
End
Kettenkrad Recon Vehicle
Construct Infanterie Kompanie
Selects Breakthrough Battlegroup
Selects Assault Grenadiers
Grenadier Squad
MG 42 Machine Gun Team
Grenadier Squad
Construct Luftwaffe Kompanie
Jäger Squad
Selects Breakthrough
Flak 30 Anti-aircraft Gun Team
Medical Station
Support Elements
Jäger Squad
Selects Incendiary Bombing Run
Wirbelwind Flakpanzer
Wirbelwind Flakpanzer
Marder III M Tank Destroyer
Pioneer Squad
Selects Rapid Production
Luftwaffe Officer Quarters
Construct Panzergrenadier Kompanie
Selects Blitzkrieg
Wirbelwind Flakpanzer
Marder III M Tank Destroyer
Incendiary Bombing Run
Marder III M Tank Destroyer
Selects Tiger Heavy Tank
Marder III M Tank Destroyer
AI Takeover
Oziligath
Reakly
0
0

Comments sign in to comment!

No comments posted yet!